SAAA
TREMONT DOUBLEDAYS @ AUGUSTA TIMBER HAWKS
09/14/2022
 
TOP OF THE 1ST
Tremont Doubledays batting - Pitching for Augusta Timber Hawks : LHP Jeff Burrell
Pitching: LHP Jeff Burrell
Batting: RHB Jim Unknown 0-0: Fly out, F8 (Flyball, 8LM)
Batting: RHB António Pérez 0-0: Called Strike
0-1: Ball
1-1: Fly out, F9 (Flyball, 89M)
Batting: RHB Manuel Martínez 0-0: Ball
1-0: Called Strike
1-1: Fly out, F7 (Line Drive, 7M)
Top of the 1st over - 0 run(s), 0 hit(s), 0 error(s), 0 left on base; Tremont 0 - Augusta 0
BOTTOM OF THE 1ST
Augusta Timber Hawks batting - Pitching for Tremont Doubledays : RHP Jim Unknown
Pitching: RHP Jim Unknown
Batting: SHB Lawrence Franklin 0-0: Ball
1-0: Swinging Strike
1-1: Ball
2-1: Ball
3-1: Base on Balls
Batting: LHB Ray Merrill 0-0: Ball
1-0: Ball
2-0: 2-RUN HOME RUN (Flyball, 9LD), Distance : 354 ft
Batting: LHB Alberto Torres 0-0: Ball
1-0: Ball
2-0: Called Strike
2-1: Foul Ball, location: 2F
2-2: Ground out 3-1 (Groundball, 34)
Batting: LHB Emílio Barbán 0-0: Called Strike
0-1: Ball
1-1: Ball
2-1: Fly out, F7 (Flyball, 7LS)
Batting: SHB Jason Alexander 0-0: Swinging Strike
0-1: Foul Ball, location: 2F
0-2: Ball
1-2: Foul Ball, location: 2F
1-2: Ball
2-2: Foul Ball, location: 2F
2-2: Strikes out swinging
Bottom of the 1st over - 2 run(s), 1 hit(s), 0 error(s), 0 left on base; Tremont 0 - Augusta 2
TOP OF THE 2ND
Tremont Doubledays batting - Pitching for Augusta Timber Hawks : LHP Jeff Burrell
Batting: RHB Quincy van Enk 0-0: Called Strike
0-1: SINGLE (Groundball, 56)
Batting: RHB Jim Unknown 0-0: Swinging Strike
0-1: Called Strike
0-2: Ball
1-2: Strikes out swinging
Batting: RHB Jim Unknown 0-0: Swinging Strike
0-1: Foul Ball, location: 2F
0-2: Fly out, F9 (Line Drive, 89M)
Batting: LHB Jim Unknown 0-0: Fly out, F5 (Popup, 25F)
Top of the 2nd over - 0 run(s), 1 hit(s), 0 error(s), 1 left on base; Tremont 0 - Augusta 2
BOTTOM OF THE 2ND
Augusta Timber Hawks batting - Pitching for Tremont Doubledays : RHP Jim Unknown
Batting: RHB Hiwahikeiki Noelani 0-0: SINGLE (Flyball, 8RS)
Batting: RHB Justin Miles 0-0: Foul Ball, location: 2F
0-1: Ball
1-1: Called Strike
1-2: Grounds into double play, 6-4-3 (Groundball, 6)
Batting: RHB Claudio Mendoza 0-0: Called Strike
0-1: SINGLE (Line Drive, 78S)
Batting: LHB Gustavo Vázquez 0-0: Called Strike
0-1: Ball
1-1: Swinging Strike
1-2: Ball
2-2: Fly out, F3 (Line Drive, 3SF)
Bottom of the 2nd over - 0 run(s), 2 hit(s), 0 error(s), 1 left on base; Tremont 0 - Augusta 2
TOP OF THE 3RD
Tremont Doubledays batting - Pitching for Augusta Timber Hawks : LHP Jeff Burrell
Batting: SHB Jim Unknown 0-0: Ball
1-0: Fly out, F9 (Popup, 9S)
Batting: LHB Jim Unknown 0-0: Ground out 6-3 (Groundball, 6MS)
Batting: RHB Jim Unknown 0-0: Called Strike
0-1: Fly out, F4 (Popup, 4)
Top of the 3rd over - 0 run(s), 0 hit(s), 0 error(s), 0 left on base; Tremont 0 - Augusta 2
BOTTOM OF THE 3RD
Augusta Timber Hawks batting - Pitching for Tremont Doubledays : RHP Jim Unknown
Batting: SHB Lawrence Franklin 0-0: Ball
1-0: Ball
2-0: Ball
3-0: Called Strike
3-1: Called Strike
3-2: SINGLE (Line Drive, 8LS)
Batting: LHB Ray Merrill 0-0: Ball
1-0: Called Strike
1-1: Ball
2-1: Fly out, F4 (Line Drive, 4)
Batting: LHB Alberto Torres 0-0: Ball
1-0: Ball
2-0: Fly out, F7 (Flyball, 7M)
Batting: LHB Emílio Barbán 0-0: Ball
1-0: Ball
2-0: Foul Ball, location: 2F
2-1: Foul Ball, location: 2F
2-2: Ball
3-2: Ground out 2-3 (Groundball, 25)
Bottom of the 3rd over - 0 run(s), 1 hit(s), 0 error(s), 1 left on base; Tremont 0 - Augusta 2
TOP OF THE 4TH
Tremont Doubledays batting - Pitching for Augusta Timber Hawks : LHP Jeff Burrell
Batting: RHB António Pérez 0-0: Foul Ball, location: 2F
0-1: Ball
1-1: Foul Ball, location: 2F
1-2: Foul Ball, location: 2F
1-2: Ball
2-2: Ball
3-2: Foul Ball, location: 2F
3-2: Strikes out swinging
Batting: RHB Manuel Martínez 0-0: Foul Ball, location: 2F
0-1: Fly out, F6 (Popup, 6)
Batting: RHB Quincy van Enk 0-0: Foul Ball, location: 2F
0-1: SINGLE (Line Drive, 4MD)
Batting: RHB Jim Unknown 0-0: Swinging Strike
0-1: Ball
1-1: 2-RUN HOME RUN (Flyball, 7D), Distance : 403 ft
Batting: RHB Jim Unknown 0-0: Ball
1-0: SINGLE (Line Drive, 3)
Batting: LHB Jim Unknown 0-0: Ball
1-0: Ball
2-0: Ball
3-0: Called Strike
3-1: Base on Balls
Jim Unknown to second
Batting: SHB Jim Unknown 0-0: Swinging Strike
0-1: Swinging Strike
0-2: Fly out, F9 (Flyball, 9D)
Top of the 4th over - 2 run(s), 3 hit(s), 0 error(s), 2 left on base; Tremont 2 - Augusta 2
BOTTOM OF THE 4TH
Augusta Timber Hawks batting - Pitching for Tremont Doubledays : RHP Jim Unknown
Batting: SHB Jason Alexander 0-0: Ball
1-0: Swinging Strike
1-1: Swinging Strike
1-2: SOLO HOME RUN (Flyball, 89XD), Distance : 433 ft
Batting: RHB Hiwahikeiki Noelani 0-0: Ball
1-0: Foul Ball, location: 2F
1-1: Ground out 4-3 (Groundball, 4)
Batting: RHB Justin Miles 0-0: Called Strike
0-1: Ball
1-1: Ball
2-1: Ground out 5-3 (Groundball, 5S)
Batting: RHB Claudio Mendoza 0-0: Called Strike
0-1: Ball
1-1: Ground out 1-3 (Groundball, 15S)
Bottom of the 4th over - 1 run(s), 1 hit(s), 0 error(s), 0 left on base; Tremont 2 - Augusta 3
TOP OF THE 5TH
Tremont Doubledays batting - Pitching for Augusta Timber Hawks : LHP Jeff Burrell
Batting: LHB Jim Unknown 0-0: Ball
1-0: Foul Ball, location: 2F
1-1: Foul Ball, location: 2F
1-2: Foul Ball, location: 2F
1-2: Ground out 6-3 (Groundball, 6)
Batting: RHB Jim Unknown 0-0: Ball
1-0: Ground out 5-3 (Groundball, 56)
Batting: RHB António Pérez 0-0: Ball
1-0: Called Strike
1-1: Foul Ball, location: 2F
1-2: Foul Ball, location: 2F
1-2: Foul Ball, location: 2F
1-2: Foul Ball, location: 2F
1-2: Foul Ball, location: 2F
1-2: Ball
2-2: Ground out 4-3 (Groundball, 4M)
Top of the 5th over - 0 run(s), 0 hit(s), 0 error(s), 0 left on base; Tremont 2 - Augusta 3
BOTTOM OF THE 5TH
Augusta Timber Hawks batting - Pitching for Tremont Doubledays : RHP Jim Unknown
Batting: LHB Gustavo Vázquez 0-0: Swinging Strike
0-1: Swinging Strike
0-2: Ground out 4-3 (Groundball, 4S)
Batting: SHB Lawrence Franklin 0-0: Ball
1-0: Ball
2-0: Called Strike
2-1: Fly out, F8 (Flyball, 8RM)
Batting: LHB Ray Merrill 0-0: Called Strike
0-1: Ball
1-1: Called Strike
1-2: Ball
2-2: Foul Ball, location: 2F
2-2: Ball
3-2: DOUBLE (Flyball, 89D)
Batting: LHB Alberto Torres 0-0: SINGLE (Groundball, 56D)
Ray Merrill to third
Runner from 3rd tries for Home, SAFE, throw made home
Batting: LHB Emílio Barbán 0-0: Ball
1-0: Ball
2-0: Ball
3-0: Base on Balls
Alberto Torres to second
Batting: SHB Jason Alexander 0-0: Ball
1-0: Called Strike
1-1: Ball
2-1: Foul Ball, location: 2F
2-2: SINGLE (Line Drive, 8LM)
Alberto Torres to third
Emílio Barbán to second
Runner from 3rd tries for Home, SAFE, no throw or cutoff
Batting: RHB Hiwahikeiki Noelani 0-0: Ball
1-0: Called Strike
1-1: Ball
2-1: Foul Ball, location: 2F
2-2: Strikes out swinging
Bottom of the 5th over - 2 run(s), 3 hit(s), 0 error(s), 2 left on base; Tremont 2 - Augusta 5
TOP OF THE 6TH
Tremont Doubledays batting - Pitching for Augusta Timber Hawks : LHP Jeff Burrell
Batting: RHB Manuel Martínez 0-0: Called Strike
0-1: Foul Ball, location: 2F
0-2: Ground out 4-3 (Groundball, 4M)
Batting: RHB Quincy van Enk 0-0: Called Strike
0-1: Called Strike
0-2: Fly out, F9 (Popup, 9LS)
Batting: RHB Jim Unknown 0-0: Swinging Strike
0-1: Swinging Strike
0-2: Strikes out swinging
Top of the 6th over - 0 run(s), 0 hit(s), 0 error(s), 0 left on base; Tremont 2 - Augusta 5
BOTTOM OF THE 6TH
Augusta Timber Hawks batting - Pitching for Tremont Doubledays : RHP Jim Unknown
Batting: RHB Justin Miles 0-0: Ball
1-0: Called Strike
1-1: Ball
2-1: Ground out 2-3 (Groundball, 2L)
Batting: RHB Claudio Mendoza 0-0: Ground out 1-3 (Groundball, 15S)
Batting: LHB Gustavo Vázquez 0-0: Ball
1-0: Called Strike
1-1: Ball
2-1: Called Strike
2-2: Foul Ball, location: 2F
2-2: Ball
3-2: Ground out 4-3 (Groundball, 4M)
Bottom of the 6th over - 0 run(s), 0 hit(s), 0 error(s), 0 left on base; Tremont 2 - Augusta 5
TOP OF THE 7TH
Tremont Doubledays batting - Pitching for Augusta Timber Hawks : LHP Jeff Burrell
Batting: RHB Jim Unknown 0-0: Ground out 6-3 (Groundball, 6M)
Batting: LHB Jim Unknown 0-0: Called Strike
0-1: Called Strike
0-2: Ball
1-2: Foul Ball, location: 2F
1-2: Strikes out swinging
Batting: SHB Jim Unknown 0-0: Ball
1-0: Ball
2-0: Ball
3-0: Called Strike
3-1: Called Strike
3-2: Foul Ball, location: 2F
3-2: Base on Balls
Batting: LHB Jim Unknown 0-0: Ball
1-0: Ground out 4-3 (Groundball, 4)
Top of the 7th over - 0 run(s), 0 hit(s), 0 error(s), 1 left on base; Tremont 2 - Augusta 5
BOTTOM OF THE 7TH
Augusta Timber Hawks batting - Pitching for Tremont Doubledays : RHP Jim Unknown
Batting: SHB Lawrence Franklin 0-0: Ball
1-0: Foul Ball, location: 2F
1-1: Fly out, F7 (Flyball, 78M)
Batting: LHB Ray Merrill 0-0: Ball
1-0: Foul Ball, location: 2F
1-1: SINGLE (Line Drive, 7S)
Batting: LHB Alberto Torres 0-0: Foul Ball, location: 2F
0-1: Ball
1-1: SINGLE (Flyball, 7S)
Ray Merrill to second
Batting: LHB Emílio Barbán 0-0: Fly out, F6 (Line Drive, 6M)
0-0: Fly out, F6 (Line Drive, 6M)
Batting: SHB Jason Alexander 0-0: Foul Ball, location: 2F
0-1: Ball
1-1: Swinging Strike
1-2: Foul Ball, location: 2F
1-2: Ball
2-2: Ball
3-2: Fly out, F2 (Popup, 25F)
Bottom of the 7th over - 0 run(s), 2 hit(s), 0 error(s), 2 left on base; Tremont 2 - Augusta 5
TOP OF THE 8TH
Tremont Doubledays batting - Pitching for Augusta Timber Hawks : LHP Jeff Burrell
Batting: RHB Jim Unknown 0-0: Ball
1-0: Swinging Strike
1-1: Ground out 5-3 (Groundball, 5)
Batting: RHB António Pérez 0-0: Ball
1-0: Ball
2-0: Fly out, F7 (Flyball, 78D)
Batting: RHB Manuel Martínez 0-0: Ball
1-0: Ball
2-0: Swinging Strike
2-1: Ball
3-1: Base on Balls
Batting: RHB Quincy van Enk 0-0: Called Strike
0-1: Foul Ball, location: 2F
0-2: Foul Ball, location: 2F
0-2: Foul Ball, location: 2F
0-2: Ball
1-2: Ball
2-2: Foul Ball, location: 2F
2-2: Fly out, F8 (Flyball, 8RM)
Top of the 8th over - 0 run(s), 0 hit(s), 0 error(s), 1 left on base; Tremont 2 - Augusta 5
BOTTOM OF THE 8TH
Augusta Timber Hawks batting - Pitching for Tremont Doubledays : RHP Jim Unknown
Batting: RHB Hiwahikeiki Noelani 0-0: Ball
1-0: Swinging Strike
1-1: Ground out 1-3 (Groundball, 23)
Batting: RHB Justin Miles 0-0: Ball
1-0: Ball
2-0: Foul Ball, location: 2F
2-1: Fly out, F6 (Popup, 7S)
Batting: RHB Claudio Mendoza 0-0: SINGLE (Groundball, 56D)
Pitching: LHP Jim Unknown
Batting: LHB Gustavo Vázquez Pickoff Throw to First - Error! E1
Claudio Mendoza to second
0-0: Ball
1-0: Fly out, F2 (Popup, 2RF)
Bottom of the 8th over - 0 run(s), 1 hit(s), 1 error(s), 1 left on base; Tremont 2 - Augusta 5
TOP OF THE 9TH
Tremont Doubledays batting - Pitching for Augusta Timber Hawks : LHP Jeff Burrell
Pitching: RHP Jim Unknown
Batting: RHB Jim Unknown 0-0: Called Strike
0-1: Ball
1-1: Ball
2-1: SINGLE (Line Drive, 56D)
Batting: RHB Jim Unknown 0-0: Ground out 5-3 (Groundball, 15S)
Jim Unknown to second
Batting: LHB Jim Unknown 0-0: Called Strike
0-1: Ball
1-1: Called Strike
1-2: SINGLE (Line Drive, 8LS)
Jim Unknown to third
Runner from 3rd tries for Home, SAFE, throw made home
Batting: SHB Jim Unknown 0-0: Ball
1-0: SINGLE (Line Drive, 89S)
Jim Unknown to second
Batting: LHB Jim Unknown 0-0: Called Strike
0-1: Ball
1-1: Ball
2-1: Grounds into double play, 6-4-3 (Groundball, 6)
Top of the 9th over - 1 run(s), 3 hit(s), 0 error(s), 1 left on base; Tremont 3 - Augusta 5
This league is powered by Out of the Park Baseball, the baseball management simulation game for PC, Mac and Linux
Friday, April 15th, 2016 - OOTP Baseball 16.9 Build 39